 Dungeon Crawl Stone Soup version 0.29-a0-322-g68df515428 (webtiles) character file.

Game seed: 17957082209239550043

511 kae the Firebug (level 7, 0/40 HPs)
             Began as a Tengu Fire Elementalist on Apr 7, 2022.
             Succumbed to a killer bee's poison
             ... on level 4 of the Dungeon.
             The game lasted 00:03:26 (6097 turns).

kae the Firebug (Tengu Fire Elementalist)           Turns: 6097, Time: 00:03:26

Health: 0/40       AC:  3    Str:  6 (8)  XL:     7   Next: 19%
Magic:  2/12       EV: 15    Int: 22 (24) God:
Gold:   94         SH:  5    Dex: 13 (14) Spells: 5/11 levels left

rFire   . . .      SeeInvis .   i - staff of death
rCold   . . .      Faith    .   (no shield)
rNeg    + . .      Spirit   .   a - +0 robe
rPois   +          Reflect  +   (helmet restricted)
rElec   .          Harm     .   n - +0 cloak
rCorr   .          Rampage  .   (no gloves)
Will    .....                   (boots unavailable)
Stlth   ++........              l - amulet of reflection
HPRegen 0.13/turn               d - ring of poison resistance
MPRegen 0.13/turn               m - +6 ring of intelligence

@: lethally poisoned (0 -> -8), flying quickly and evasively, quick
A: beak, talons 3, nimble flight
a: no special abilities


You were on level 4 of the Dungeon.
You visited 1 branch of the dungeon, and saw 4 of its levels.

You collected 94 gold pieces.

Inventory:

Armour
 a - a +0 robe (worn)
 n - a +0 cloak (worn)
Magical Staves
 i - a staff of death (weapon)
Jewellery
 d - a ring of poison resistance (left hand)
 e - a +6 ring of strength
 f - a ring of protection from cold
 g - a ring of protection from fire
 l - an amulet of reflection (around neck)
 m - a +6 ring of intelligence (right hand)
 o - a +6 ring of strength
Scrolls
 h - a scroll of enchant weapon
 p - a scroll of identify
 q - 2 scrolls of vulnerability {unknown}
 r - a scroll of enchant armour {unknown}
 t - a scroll of blinking {unknown}
 v - a scroll of silence {unknown}
Potions
 b - a potion of magic
 c - a potion of mutation
 j - a potion of brilliance
 k - 2 potions of invisibility
 u - a potion of ambrosia


   Skills:
 + Level 2.1 Fighting
 + Level 2.1 Staves
 + Level 2.5 Armour
 + Level 3.4 Dodging
 - Level 2.0 Stealth
 + Level 2.9 Spellcasting
 + Level 3.3 Conjurations
 * Level 5.1 Fire Magic
 + Level 1.7 Evocations


You had 5 spell levels left.
You knew the following spells:

 Your Spells              Type           Power      Damage    Failure   Level
a - Foxfire               Conj/Fire      84%        2x1d8     2%          1
b - Scorch                Fire           50%        2d8       2%          2
c - Conjure Flame         Conj/Fire      21%        6-21      7%          3

Your spell library contained the following spells:

 Spells                   Type           Power      Damage    Failure   Level
 Apportation              Tloc           6%         N/A       13%         1
 Inner Flame              Hex/Fire       14%        N/A       13%         3
 Corpse Rot               Necr/Air       8%         N/A       19%         2
 Poisonous Vapours        Pois/Air       6%         N/A       19%         2
 Flame Wave               Conj/Fire      21%        2d7       22%         4
 Ozocubu's Armour         Ice            3%         N/A       36%         3
 Alistair's Intoxication  Tmut/Pois      2%         N/A       98%         5
 Ozocubu's Refrigeration  Ice            1%         4d5       100%        7


Dungeon Overview and Level Annotations

Branches:
Dungeon (4/15)             Temple (0/1) D:4

Altars:

Shops:
D:1 (   D:4 (


Innate Abilities, Weirdness & Mutations

You have a beak for a mouth.
You have claws for feet.
Your magical nature lets you fly swiftly and evasively.


Message History

Your foxfire dissipates!
The foxfire hits the killer bee.
The killer bee is lightly wounded.
A killer bee is nearby!
A killer bee is nearby!
Casting: Foxfire (safe; 1% risk of failure)
Confirm with . or Enter, or press ? or * to list all spells.
You conjure some foxfire!
A hound comes into view.
The foxfire hits the killer bee.
The killer bee is moderately wounded.
Your foxfire dissipates!
The foxfire hits the killer bee.
The killer bee is heavily wounded.
Casting: Foxfire (safe; 1% risk of failure)
Confirm with . or Enter, or press ? or * to list all spells.
Flames lash the hound.
The hound is severely wounded.
The hound's fire resistance burns away.
The killer bee misses you. The killer bee stings you.
You are poisoned.
The killer bee poisons you!
You feel sick. You block the killer bee's attack. The killer bee stings you.
* * * LOW HITPOINT WARNING * * *
You are more poisoned.
The killer bee poisons you!
Casting: Scorch (safe; 1% risk of failure)
Confirm with . or Enter, or press ? or * to list all spells.
You don't have enough magic to cast this spell.
Unknown command.
It was a potion of flight.
You feel more buoyant.
* * * LOW HITPOINT WARNING * * *
You feel very sick. The killer bee barely misses you. x2
Okay, then.
It was a potion of degeneration.
There was something very wrong with that liquid.
You feel weakened.
You feel dopey.
You feel clumsy.
You die...

###.#######......###'#### ##.#
#..###.#......# #..+ #..#
#........# #.#########.#
###......#### #.#[......#.##
#.......... #.#.......'..#
#>........# #.#.......#..#
######....# #.#########.)###
#....# #..'...†.#@....##
#....# #..#.....#y###..#
#....# ####..#######h# ##.#
###### #......# #..# #.# #
#......## ##..# ##.###### #
#.......#+#...# #..≈§≈..# ##
#.....#.....#.# #.≈≈§§≈.# #.
#.....#<......# #≈≈≈§≈≈§# ##
####+##.†...#####≈§≈>≈§§#####.


You could see a hound (combustible) and a killer bee.

Vanquished Creatures
  A centaur (D:4)
  A phantom (D:4)
  2 hounds (D:4)
  An orc priest (D:4)
  An iguana (D:4)
  Terence (D:2)
  4 gnolls
  8 adders
  7 dart slugs
  A worm (D:3)
  4 orcs (D:3)
  9 ball pythons
  6 endoplasms
  5 giant cockroaches
  8 goblins
  5 hobgoblins
  5 jackals
  5 quokkas
  5 bats
  4 frilled lizards
  7 kobolds
  7 rats
97 creatures vanquished.

Vanquished Creatures (others)
  203 foxfires
203 creatures vanquished.

Grand Total: 300 creatures vanquished

Notes
Turn   | Place    | Note
-------+----------+-------------------------------------------
     0 | D:1      | kae the Tengu Fire Elementalist began the quest for the
                  | Orb.
     0 | D:1      | Reached XP level 1. HP: 10/10 MP: 4/4
   271 | D:1      | Reached XP level 2. HP: 16/16 MP: 4/6
  1318 | D:1      | Reached XP level 3. HP: 18/20 MP: 4/7
  1329 | D:1      | Learned a level 2 spell: Scorch
  1333 | D:1      | Learned a level 3 spell: Conjure Flame
  1558 | D:1      | Reached skill level 1 in Fighting
  1624 | D:1      | Found Suwnaebe's Antique Weapon Boutique.
  2082 | D:2      | Reached skill level 1 in Armour
  2133 | D:2      | Reached XP level 4. HP: 25/25 MP: 8/8
  2196 | D:2      | Reached skill level 4 in Fire Magic
  2345 | D:2      | Noticed Terence
  2369 | D:2      | HP: 1/25 [Terence/+0 hand axe (4)]
  2377 | D:2      | Killed Terence
  2439 | D:2      | Gained mutation: Your magical nature lets you fly swiftly
                  | and evasively. [Tengu growth]
  2439 | D:2      | Reached XP level 5. HP: 25/29 MP: 9/9
  2941 | D:3      | Reached skill level 1 in Staves
  4128 | D:4      | Found a staircase to the Ecumenical Temple.
  4201 | D:4      | Reached skill level 1 in Evocations
  4298 | D:4      | Reached XP level 6. HP: 17/34 MP: 3/10
  4836 | D:4      | HP: 1/35 [gnoll/+0 whip (10)]
  5514 | D:4      | Reached skill level 5 in Fire Magic
  5621 | D:4      | Found Lusec's Weapon Boutique.
  6082 | D:4      | Reached XP level 7. HP: 17/40 MP: 5/12
  6096 | D:4      | HP: 2/40 [poisoned by a killer bee]
  6097 | D:4      | Succumbed to a killer bee's poison

Illustrated notes

Levels and vault maps discovered:
D:1:      dpeg_arrival_short_road, layout_loops_ring, serial_shops, shop,
          kennysheep_crisscross
D:2:      cheibrodos_helix_gallery, layout_basic, uniq_terence
D:3:      layout_loops_corners
D:4:      nicolae_BIG_FREAKIN_CUBE, layout_basic, minmay_temple_entry_mist,
          serial_shops, nicolae_shop_bloodbath_and_beyond,
          minmay_divided_ellipse

Skill      XL: |  1  2  3  4  5  6 |
---------------+-------------------+-----
Fighting       | 1 2 |  2.1
Conjurations   | 2 3 |  3.3
Armour         | 1 2 |  2.5
Fire Magic     | 4 5 |  5.1
Staves         | 1 2 |  2.1
Evocations     | 1 |  1.7
Dodging        | 3 |  3.4
Stealth        | |  2.0
Spellcasting   | |  2.9

Action                   |  1- 3 |  4- 6 |  7- 9 || total
-------------------------+-------+-------+-------++-------
Melee: Unarmed           |    16 |       |       ||    16
       Kick              |     6 |    19 |       ||    25
       Peck              |     3 |    12 |       ||    15
       Staff             |     6 |    82 |       ||    88
 Cast: Foxfire           |    64 |    59 |     3 ||   126
       Scorch            |       |    26 |     1 ||    27
       Conjure Flame     |       |     1 |       ||     1
  Use: Potion            |       |     6 |     2 ||     8
       Scroll            |       |     7 |       ||     7
 Stab: Sleeping          |       |     3 |       ||     3
Armor: Robe              |       |    15 |       ||    15
Dodge: Dodged            |    29 |    98 |     3 ||   130
Block: Other             |       |    17 |     1 ||    18
       Reflection        |       |     1 |       ||     1

Table legend: (Time is in decaauts)
 A = Elapsed time spent in this place.
 B = Non-inter-level travel time spent in this place.
 C = Inter-level travel time spent in this place.
 D = Time resting spent in this place.
 E = Time spent auto-exploring this place.
 F = Levels seen in this place.
 G = Mean time per level.
                   A        B        C        D        E       F      G
               +--------+--------+--------+--------+--------+-----+--------+
         Total |   5926 |   5781 |    145 |    687 |   4244 |   4 | 1481.5 |
       Dungeon |   5926 |   5781 |    145 |    687 |   4244 |   4 | 1481.5 |
               +--------+--------+--------+--------+--------+-----+--------+

Top non-repeatable levels by time:
     D:1: 2001 daAuts
     D:4: 1955 daAuts
     D:3: 1261 daAuts
     D:2: 709 daAuts
